 Dungeon Crawl Stone Soup version 0.31.0-11-ge490571c62 (webtiles) character file.

Game seed: 3532839678524781157

23 qw the Shooter (level 2, -1/14 HPs)
             Began as a Spriggan Hunter on Feb 5, 2024.
             Slain by Natasha (7 damage)
             ... on level 2 of the Dungeon.
             The game lasted 00:00:34 (472 turns).

qw the Shooter (Spriggan Hunter)                     Turns: 472, Time: 00:00:35

Health: -1/14      AC:  2    Str:  7    XL:     2   Next: 75%
Magic:  3/3        EV: 19    Int: 10    God:
Gold:   127        SH:  0    Dex: 18    Spells: 1/1 levels left

rFire   . . .        a - +0 shortbow
rCold   . . .        (shield currently unavailable)
rNeg    . . .        c - +0 robe
rPois   .            (helmet restricted)
rElec   .            (no cloak)
rCorr   .            (gloves unavailable)
SInv    +            (boots unavailable)
Will    .....        (no amulet)
Stlth   ++           (no ring)
HPRegen 0.22/turn    (no ring)
MPRegen 0.08/turn

%: no passive effects
@: very quick
A: very small, no large weapons, unfitting armour, see invisible, speed 3
a: no special abilities


You were on level 2 of the Dungeon.
You visited 1 branch of the dungeon, and saw 2 of its levels.

You collected 127 gold pieces.


Innate Abilities, Weirdness & Mutations

You are very small and have problems with some larger weapons.
You are too small for most types of armour.
You have supernaturally acute eyesight. (SInv)
You cover ground extremely quickly. (Speed+++)


   Skills:
 - Level 1.5 Fighting
 + Level 4.3 Ranged Weapons
 - Level 4.0 Dodging
 - Level 1.5 Stealth


You had one spell level left.
You didn't know any spells.
Your spell library was empty.

Inventory:

Hand Weapons
 a - a +0 shortbow (weapon)
Armour
 c - a +0 robe (worn)
Potions
 b - a potion of heal wounds {unknown}

Dungeon Overview and Level Annotations

Branches:
Dungeon (2/15)

Altars:

Shops:
D:1 (

Annotations:
D:2 Natasha


Message History

You hear an angry hiss.
Natasha mumbles some strange words.
You shoot an arrow.
The arrow closely misses the cerulean imp.
The arrow hits Natasha.
Natasha is heavily wounded.
A ball python comes into view.
You shoot an arrow. The arrow hits the cerulean imp.
The cerulean imp is lightly wounded.
You shoot an arrow. The arrow misses the cerulean imp.
The arrow hits Natasha.
Natasha is severely wounded.
The cerulean imp hits you but does no damage.
You shoot an arrow.
The arrow closely misses the cerulean imp.
The arrow closely misses Natasha.
The cerulean imp hits you from afar with a +1 spear.
You shoot an arrow. The arrow hits the cerulean imp.
The cerulean imp is heavily wounded.
The cerulean imp misses you. Natasha casts a spell at you.
The magic dart hits you.
You shoot an arrow. The arrow misses Natasha.
The arrow hits the ball python!
You kill the ball python!
The cerulean imp closely misses you.
You shoot an arrow. The arrow closely misses Natasha.
The cerulean imp barely misses you. Natasha completely misses you.
The cerulean imp misses you.
You shoot an arrow. The arrow hits Natasha.
Natasha is severely wounded.
Natasha mumbles some strange words.
Natasha shimmers violently.
Natasha stares at you and mumbles some strange words.
You resist with some effort. The cerulean imp misses you.
You shoot an arrow. The arrow barely misses Natasha.
A frilled lizard comes into view.
Natasha closely misses you. The cerulean imp completely misses you.
Natasha claws you!
Ouch! That really hurt!
You die...
Natasha curls up and begins to purr.

. ## ##.... ##### .
.##....### #...# #.
......... #.>.#
#.##......#
#...#####........
#..)...........#
#...#.%#####...##
#...##...##...@h#
###...####..%..[#..#
....<.# #......##5%#
########........#
#.#
#...##...........
#### ####.###.^...
#.# # #.# #.# .. .#


You could see Natasha and a cerulean imp (summoned).

Vanquished Creatures
  4 ball pythons
  An endoplasm (D:2)
  A giant cockroach (D:1)
  3 hobgoblins
  8 kobolds
  3 bats
  A frilled lizard (D:2)
  A goblin (D:1)
  A rat (D:1)
23 creatures vanquished.

Notes
Turn   | Place    | Note
-------+----------+-------------------------------------------
     0 | D:1      | qw the Spriggan Hunter began the quest for the Orb.
     0 | D:1      | Reached XP level 1. HP: 10/10 MP: 2/2
     0 | D:1      | 0 ||| qw: Version: 0.3-a-160-g6735b56
     0 | D:1      | 0 ||| qw: Game counter: 6314
     0 | D:1      | 0 ||| qw: Melee chars always use a shield: true
     0 | D:1      | 0 ||| qw: God list: Okawaru
     0 | D:1      | 0 ||| qw: Allow faded altars: false
     0 | D:1      | 0 ||| qw: Do Orc after clearing Dungeon:15 true
     0 | D:1      | 0 ||| qw: Do second Lair branch before Depths: true
     0 | D:1      | 0 ||| qw: Lair rune preference: random
     0 | D:1      | 0 ||| qw: Goals: Normal
     0 | D:1      | 0 ||| PLANNING D:1-11
    64 | D:1      | Reached skill level 3 in Dodging
    97 | D:1      | Found Tiklocw's Weapon Shoppe.
   220 | D:1      | Reached XP level 2. HP: 14/14 MP: 3/3
   401 | D:1      | 401 ||| READING 2 scrolls labelled HOFEIT HAAZA.
   402 | D:1      | 402 ||| READING scroll labelled CYBLOL KIELAGE.
   403 | D:1      | 403 ||| DROPPING scroll of butterflies.
   404 | D:1      | 404 ||| DROPPING scroll of fog.
   462 | D:2      | Noticed Natasha
   472 | D:2      | Slain by Natasha

Levels and vault maps discovered:
D:1:      wander_arrival_estate, layout_rooms, serial_shops, shop
D:2:      layout_rooms, nicolae_figureground_pulse, uniq_crazy_yiuf_cottage,
          uniq_natasha

Skill      XL: |  1  2 |
---------------+-------+-----
Dodging        | 3 4 |  4.0
Fighting       | |  1.5
Ranged Weapons | |  4.3
Stealth        | |  1.5

Action                     || total
---------------------------++-------
   Fire: Shortbow          ||    69
    Use: Scroll            ||     2
 Armour: Robe              ||    11
  Dodge: Dodged            ||    20

Table legend:
 A = Non-vault XP
 B = Vault XP
 C = Vault XP percentage of total XP
 D = Non-vault monster count
 E = Vault monster count
 F = Vault count percentage of total count
                 A         B        C        D         E       F
            +---------+---------+-------+---------+---------+-------
      Total |      34 |       0 |   0.0 |      23 |       0 |   0.0
            +---------+---------+-------+---------+---------+-------
        D:1 |      25 |       0 |   0.0 |      17 |       0 |   0.0
        D:2 |       9 |       0 |   0.0 |       6 |       0 |   0.0
            +---------+---------+-------+---------+---------+-------
